 Dungeon Crawl Stone Soup version 0.28-a0-1387-g3a22ab9bdc (webtiles) character file.

Game seed: 13512777162191818765

148 browni3141 the Skirmisher (level 5, -1/42 HPs)
             Began as a Mummy Monk on Jan 3, 2022.
             Slain by an iron imp (8 damage)
             ... summoned by Natasha
             ... on level 3 of the Dungeon.
             The game lasted 00:10:37 (7027 turns).

browni3141 the Skirmisher (Mummy Monk)              Turns: 7027, Time: 00:10:37

Health: -1/42      AC:  0    Str: 14    XL:     5   Next: 8%
Magic:  5/5        EV: 13    Int:  9    God:
Gold:   78         SH:  0    Dex: 17    Spells: 4/4 levels left

rFire   x . .      SeeInvis .     - Unarmed
rCold   + . .      Faith    .   (no shield)
rNeg    + + +      Spirit   .   (no armour)
rPois   ∞          Reflect  .   (no helmet)
rElec   .          Harm     .   (no cloak)
rCorr   .          Rampage  .   (no gloves)
Will    .....                   (no boots)
Stlth   ++........              (no amulet)
HPRegen 0.14/turn               (no ring)
MPRegen 0.09/turn               (no ring)

@: slowed, very slow
A: cold resistance 1, negative energy resistance 3, torment resistance 2, heat
vulnerability 1, no potions
a: no special abilities


You were on level 3 of the Dungeon.
You visited 1 branch of the dungeon, and saw 4 of its levels.

You collected 78 gold pieces.

Inventory:

Jewellery
 g - a ring of see invisible
Scrolls
 a - a scroll of enchant weapon {unknown}
 b - 4 scrolls of identify {unknown}
 c - a scroll of vulnerability {unknown}
 d - 2 scrolls of teleportation {unknown}
 e - 2 scrolls of fog {unknown}
 f - a scroll of fear {unknown}


   Skills:
 + Level 3.8 Fighting
 + Level 3.1 Dodging
 + Level 2.7 Stealth
 + Level 3.1 Unarmed Combat


You had 4 spell levels left.
You didn't know any spells.
Your spell library contained the following spells:

 Spells                   Type           Power      Damage    Failure   Level
 Slow                     Hex            0%         N/A       38%         1
 Passwall                 Tmut/Erth      0%         N/A       52%         2
 Confusing Touch          Hex            0%         N/A       77%         3
 Swiftness                Air            0%         N/A       77%         3
 Vampiric Draining        Necr           0%         2d6       77%         3


Dungeon Overview and Level Annotations

Branches:
Dungeon (4/15)
 Temple: D:4-7

Altars:

Shops:
D:3 [?[(*

Annotations:
D:2 1 runed translucent door, Crazy Yiuf
D:3 Natasha
D:4 exclusion: iguana, Sigmund


Innate Abilities, Weirdness & Mutations

You are immune to poison.
Your flesh is cold resistant. (rC+)
You are immune to negative energy. (rN+++)
You are immune to unholy pain and torment.
You are vulnerable to heat. (rF-)
You do not drink.


Message History

Level annotation: exclusion: iguana, Natasha, Sigmund Natasha completely misses you.
There is a stone staircase leading up here.
Unknown command.
Natasha completely misses you.
You climb upwards.
There is a stone staircase leading down here.
Unknown command.
You closely miss Natasha. You closely miss Natasha.
Natasha mumbles some strange words.
You closely miss the iron imp.
Natasha stares at you and mumbles some strange words.
You feel yourself slow down.
You hit the iron imp.
The iron imp is lightly wounded.
Natasha barely misses you. The iron imp barely misses you.
Natasha closely misses you. The iron imp hits you!
You hit the iron imp but do no damage.
The iron imp is lightly wounded.
Natasha barely misses you. The iron imp barely misses you.
You hit the iron imp.
The iron imp is moderately wounded.
Natasha claws you! The iron imp misses you. Natasha completely misses you.
You hit the iron imp but do no damage.
The iron imp is moderately wounded.
Natasha closely misses you. The iron imp closely misses you.
You hit Natasha.
Natasha is lightly wounded.
Natasha hisses.
Natasha closely misses you. The iron imp barely misses you.
You closely miss Natasha.
Natasha is lightly wounded.
Natasha claws you! The iron imp hits you!
* * * LOW HITPOINT WARNING * * *
Natasha barely misses you.
You barely miss Natasha.
Natasha is lightly wounded.
The iron imp hits you!
You die...

####### #.@h..# #
#5###.## ######
#.###..# #.....
#......### #)##8#
#........# #.##<#
####...###.#####.8.∩.
#.................#.#
#..........#####.##8#
##..........# ####.#


You could see an iron imp (summoned) and Natasha.

Vanquished Creatures
  Jessica (D:3)
  4 adders
  3 dart slugs
  6 orcs
  5 ball pythons
  6 bats
  5 endoplasms
  3 giant cockroaches
  5 goblins
  8 hobgoblins
  2 jackals (D:2)
  5 quokkas
  3 frilled lizards
  6 kobolds
  6 rats
68 creatures vanquished.

Notes
Turn   | Place    | Note
-------+----------+-------------------------------------------
     0 | D:1      | browni3141 the Mummy Monk began the quest for the Orb.
     0 | D:1      | Reached XP level 1. HP: 18/18 MP: 1/1
   538 | D:1      | Reached XP level 2. HP: 17/24 MP: 2/2
  1503 | D:1      | Reached XP level 3. HP: 16/29 MP: 3/3
  2641 | D:2      | Identified the +4 flail of Valiance {pain, Int+4}
  2980 | D:2      | Found the +7 staff of the Meek {protect, meekguard}
  3376 | D:2      | Found a faded altar of an unknown god.
  3530 | D:2      | Reached XP level 4. HP: 16/35 MP: 4/4
  3852 | D:2      | Found a runed translucent door.
  3853 | D:2      | Noticed Crazy Yiuf
  4010 | D:3      | Noticed Jessica
  4081 | D:3      | Found Xeycapn's Assorted Antiques.
  4125 | D:3      | Found Amanaemo's Weapon Shoppe.
  4248 | D:3      | Killed Jessica
  5368 | D:3      | Found Kaps's Armour Shoppe.
  5401 | D:3      | Found Oriodud's Armour Boutique.
  5683 | D:3      | Reached XP level 5. HP: 39/42 MP: 5/5
  6004 | D:3      | Found Ubuxyep's Magic Scroll Emporium.
  6907 | D:4      | Noticed Sigmund
  6907 | D:4      | Noticed Natasha
  7027 | D:3      | Slain by an iron imp

Illustrated notes

Levels and vault maps discovered:
D:1:      minmay_arrival_nine_rooms, layout_loops_ring,
          chequers_serial_rivers_micro_b, minivault_4, minmay_quantized
D:2:      layout_loops_cross, shapermc_ecumenical_altar_totnotflames,
          uniq_crazy_yiuf_cottage
D:3:      layout_loops_cross, serial_shops, nicolae_shop_statue_plus,
          nicolae_shop_trees, nicolae_shop_behind_doors, shop, shop,
          minmay_misc_feat_nine_boxes, uniq_jessica
D:4:      layout_loops_cross, gammafunk_temple_overflow_wave, uniq_robin,
          uniq_natasha, uniq_sigmund

Skill      XL: |  1  2  3  4 |
---------------+-------------+-----
Stealth        | 2 |  2.7
Unarmed Combat | 3 |  3.1
Dodging        | 3 |  3.1
Fighting       | |  3.8

Action                   |  1- 3 |  4- 6 || total
-------------------------+-------+-------++-------
Melee: Unarmed           |   184 |   147 ||   331
       Punch             |     2 |     5 ||     7
 Stab: Sleeping          |     5 |     2 ||     7
Dodge: Dodged            |    96 |   110 ||   206

Table legend: (Time is in decaauts)
 A = Elapsed time spent in this place.
 B = Non-inter-level travel time spent in this place.
 C = Inter-level travel time spent in this place.
 D = Time resting spent in this place.
 E = Time spent auto-exploring this place.
 F = Levels seen in this place.
 G = Mean time per level.
                   A        B        C        D        E       F      G
               +--------+--------+--------+--------+--------+-----+--------+
         Total |   7020 |   6602 |    418 |   2557 |   2270 |   4 | 1755.0 |
       Dungeon |   7020 |   6602 |    418 |   2557 |   2270 |   4 | 1755.0 |
               +--------+--------+--------+--------+--------+-----+--------+

Top non-repeatable levels by time:
     D:2: 2494 daAuts
     D:3: 2325 daAuts
     D:1: 1999 daAuts
     D:4: 200 daAuts
